 Dungeon Crawl Stone Soup version 0.31.0-32-g396128a36d (webtiles) character file.

Game seed: 16462934826801661536

1005 concernfroge the Changeling (level 8, -4/60 (62) HPs)
             Began as a Merfolk Shapeshifter on Apr 24, 2024.
             Was a Follower of Uskayaw.
             Slain by an orc warrior
             ... wielding a +0 broad axe
              (9 damage)
             ... on level 6 of the Dungeon.
             The game lasted 00:24:22 (4895 turns).

concernfroge the Changeling (Merfolk Shapeshifter)  Turns: 4895, Time: 00:24:22

HP:   -4/60 (62)    AC:  1    Str: 16    XL:     8   Next: 20%
MP:   4/10          EV: 18    Int:  9    God:    Uskayaw [*.....]
Gold: 239           SH:  0    Dex: 14    Spells: 7/7 levels left

rFire   . .          .
                       - Unarmed
rCold   . . .        (shield currently unavailable)
rNeg    . . .        a - melded +0 animal skin
rPois   .            (no helmet)
rElec   .            b - scarf {shadows}
rCorr   .            i - +0 pair of gloves
SInv    .            (no boots)
Will    .....        (no amulet)
Stlth   +            m - ring of flight
HPRegen 0.30/turn    (no ring)
MPRegen 0.12/turn

%: no passive effects
@: mighty, flux-form, flying, glowing, lightly drained
A: glow, contaminating, (nimble swimmer 2), mertail
a: Begin Untransformation, Renounce Religion, Stomp


You were on level 6 of the Dungeon.
You worshipped Uskayaw.
Uskayaw was noncommittal.
You were something dangerously unstable.
You visited 2 branches of the dungeon, and saw 8 of its levels.

You collected 239 gold pieces.

Inventory:

Armour
 a - a +0 animal skin (melded)
 b - a scarf of shadows (worn)
 i - a +0 pair of gloves (worn)
Jewellery
 m - a ring of flight (left hand)
Talismans
 c - a beast talisman
 d - a flux talisman (active)
Wands
 q - a wand of paralysis (4)
Scrolls
 f - 2 scrolls of revelation
 h - 2 scrolls of teleportation {unknown}
 n - a scroll of enchant armour {unknown}
Potions
 e - a potion of enlightenment
 j - a potion of brilliance
 p - a potion of degeneration


   Skills:
 - Level 5.0 Fighting
 - Level 5.0 Dodging
 - Level 5.0 Unarmed Combat
 + Level 3.8 Invocations
 - Level 2.0 Evocations
 - Level 7.0 Shapeshifting


You had 7 spell levels left.
You didn't know any spells.
Your spell library contained the following spells:

 Spells                   Type           Power      Damage    Failure   Level
 Dazzling Flash           Conj/Hex       0%         N/A       77%         3
 Volatile Blastmotes      Fire/Tloc      0%         2d10      77%         3
 Starburst                Conj/Fire      0%         6d3       100%        6
 Maxwell's Capacitive Co  Air            0%         ∞         100%        8


Dungeon Overview and Level Annotations

Branches:
Dungeon (7/15)             Temple (1/1) D:5

Altars:
Ashenzari
Dithmenos
Elyvilon
Fedhas
Hepliaklqana
Kikubaaqudgha
Qazlal
Ru
Uskayaw
Vehumet
Xom
Yredelemnul
Zin
The Shining One

Shops:
D:1 *

Annotations:
D:2 Sigmund
D:3 2 runed translucent doors, exclusion: 2 doors, PaiMei's ghost, amateur DsNe
D:7 Jeremiah


Innate Abilities, Weirdness & Mutations

You are something dangerously unstable.
You glow with magical radiation, making you easy to see and hit.
Foes you strike become dangerously contaminated with magical radiation.
You are incapable of wielding weapons or throwing items.
((You are very nimble when in or above water. (Stealth+, EV+, Speed+++)))
Your lower body shifts to a powerful aquatic tail in water.


Message History

The kobold brigand hits itself with a +0 club.
Okay, then.
Okay, then.
The kobold brigand seems less confused.
The kobold brigand throws a poisoned dart.
The poisoned dart completely misses you.
The poisoned dart misses the butterfly.
The butterfly disappears in a burst of colours!
Jeremiah misses you.
Jeremiah hits you from afar with a +2 trident of draining!
* * * LOW HITPOINT WARNING * * *
You feel drained.
* * * LOW HITPOINT WARNING * * *
There is a stone staircase leading up, spattered with blood here.
Jeremiah misses you.
You fly upwards.
You hear the sound of rushing water.
There is an entrance to a sewer on this level.
Hurry and find it before the portal rusts away!
You hear the quick rusting of a drain nearby.
The orc warrior closely misses you.
There is a stone staircase leading down here.
Okay, then.
Okay, then.
You hit the orc warrior.
The orc warrior begins to glow.
The orc warrior is lightly wounded.
The orc warrior misses you.
You can now stomp with the beat.
You hit the orc warrior.
The orc warrior glows dangerously bright.
The orc warrior is lightly wounded.
The orc warrior closely misses you.
You punch the orc warrior!
The orc warrior shudders as magic cascades through it!
The orc warrior twists and deforms.
The orc warrior is almost dead.
The orc wizard mumbles some strange words.
The orc wizard flickers and vanishes!
Deactivating autopickup; reactivate with Ctrl-A.
The orc warrior hits you with a +0 broad axe!
You die...

##.......####
##......# ##8#
##...#### ####
#......##8... #..##
#..## #......##....
#..#
##...###..##..#_....
##.##
#.....##..###.##....
###...## #......#..#
####8... #......###
#......#..# #8#
...###...####..o.....#
# .###
###..###...p....## ##
##..##.........#
##.....o......#
###...........#
##...#######.. ##{###
##.. #..# .# #..# .
#..o.....


You could see an orc warrior (misshapen) and an orc.

Vanquished Creatures
  Edmund (D:5)
  A black bear (D:5)
  3 ogres
  A scorpion (D:4)
  A bombardier beetle (D:5)
  An orc priest (D:4)
  3 hounds
  2 jellies
  2 iguanas (D:4)
  3 orc wizards
  7 adders
  A shadow imp (D:6)
  A dart slug (D:4)
  17 orcs
  5 ball pythons
  4 bats
  3 endoplasms
  5 giant cockroaches
  8 goblins
  5 hobgoblins
  2 jackals (D:2)
  11 kobolds
  2 quokkas
  5 frilled lizards
  4 rats
98 creatures vanquished.

Notes
Turn   | Place    | Note
-------+----------+-------------------------------------------
     0 | D:1      | concernfroge the Merfolk Shapeshifter began the quest for
                  | the Orb.
     0 | D:1      | Reached XP level 1. HP: 15/15 MP: 1/1
    91 | D:1      | Found Vatoeh's General Store.
   135 | D:1      | Reached XP level 2. HP: 17/21 MP: 2/2
   447 | D:1      | Reached skill level 5 in Shapeshifting
   741 | D:2      | Reached XP level 3. HP: 12/26 MP: 3/3
   843 | D:2      | Noticed Sigmund
   999 | D:3      | Found a hide-covered altar of Uskayaw.
  1020 | D:3      | Became a worshipper of Uskayaw the Reveller
  1044 | D:3      | Reached * piety under Uskayaw
  1129 | D:3      | Reached ** piety under Uskayaw
  1243 | D:3      | Reached skill level 6 in Shapeshifting
  1243 | D:3      | Reached XP level 4. HP: 29/32 MP: 4/4
  1408 | D:3      | Found a large runed translucent door.
  1409 | D:3      | Found a large runed translucent door.
  1411 | D:3      | Noticed PaiMei's ghost (amateur DsNe)
  1546 | D:3      | Reached *** piety under Uskayaw
  1632 | D:3      | Reached XP level 5. HP: 31/37 MP: 5/5
  1998 | D:4      | Reached skill level 7 in Shapeshifting
  2296 | D:4      | Reached XP level 6. HP: 30/47 MP: 6/6
  2774 | D:4      | Found a blossoming altar of Fedhas.
  2849 | D:4      | Reached skill level 5 in Fighting
  3136 | D:4      | Found a glowing golden altar of the Shining One.
  3231 | D:5      | Entered Level 5 of the Dungeon
  3375 | D:5      | Reached XP level 7. HP: 45/56 MP: 7/7
  3523 | D:5      | Reached skill level 5 in Unarmed Combat
  3594 | D:5      | Reached skill level 1 in Invocations
  3851 | D:5      | Found a staircase to the Ecumenical Temple.
  3859 | Temple   | Entered the Ecumenical Temple
  4055 | D:5      | Noticed Edmund
  4085 | D:5      | Killed Edmund
  4086 | D:5      | Reached skill level 1 in Evocations
  4449 | D:6      | Reached skill level 5 in Dodging
  4449 | D:6      | Reached XP level 8. HP: 62/62 MP: 10/10
  4515 | D:6      | Found a radiant altar of Vehumet.
  4882 | D:7      | Noticed Jeremiah
  4895 | D:6      | Slain by an orc warrior

Illustrated notes

Levels and vault maps discovered:
D:1:      dpeg_arrival_pits, layout_loops_ring, serial_shops,
          nicolae_shop_window_shopping
D:2:      layout_basic, shapermc_ecumenical_altar_acropolis, uniq_jessica,
          uniq_sigmund
D:3:      layout_loops_ring, mainiacjoe_overflow_six_doors_small,
          ebering_ghost_disaster_area, minivault_26, nrook_loot_triangle
D:4:      layout_basic, kennysheep_little_box, fedhas_altar_1
D:5:      layout_loops_cross, minmay_temple_entry_water_ring, serial_rivers,
          chequers_serial_rivers_room_b, chequers_serial_rivers_large_b,
          chequers_serial_rivers_micro_a, chequers_serial_rivers_micro_d,
          chequers_serial_rivers_small_3, serial_park_tiny_pond, uniq_edmund
D:6:      layout_cave_pods, nicolae_overflow_hidden_temple,
          gup_sewer_entry_spiral
D:7:      minmay_clustersquares, layout_gridville, grunt_temple_overflow_open,
          uniq_maggie, uniq_jeremiah
Temple:   eino_temple_lava

Skill      XL: |  1  2  3  4  5  6  7  8 |
---------------+-------------------------+-----
Shapeshifting  | 5 6 7 |  7.0
Fighting       | 3 5 |  5.0
Unarmed Combat | 4 5 |  5.0
Dodging        | 5 |  5.0
Invocations    | 3 |  3.8
Evocations     | 1 2 |  2.0

Action                     |  1- 3 |  4- 6 |  7- 9 || total
---------------------------+-------+-------+-------++-------
  Melee: Unarmed           |   105 |   143 |    90 ||   338
         Punch             |     2 |     1 |       ||     3
 Invoke: Stomp             |       |     2 |     3 ||     5
         Line Pass         |       |       |     2 ||     2
  Evoke: Wand              |       |       |     2 ||     2
    Use: Potion            |     2 |     2 |     3 ||     7
         Scroll            |     1 |     4 |     3 ||     8
   Stab: Sleeping          |     2 |     1 |       ||     3
         Paralysed         |       |     3 |     6 ||     9
         Confused          |       |       |     1 ||     1
 Armour: Animal skin       |    56 |    21 |       ||    77
         Skin              |    11 |    33 |    28 ||    72
  Dodge: Dodged            |    73 |    63 |    68 ||   204
   Form: Beast             |     1 |       |       ||     1
         Flux              |       |     1 |       ||     1
